 Dungeon Crawl Stone Soup version 0.25-a0-598-gc9c9e4cfe1 (webtiles) character file.

Game seed: 13010505483117661330, levelgen mode: deterministic

6 Esekla the Charlatan (level 1, -2/9 HPs)
             Began as a Spriggan Artificer on Mar 16, 2020.
             Slain by a kobold
             ... wielding a +0 short sword
              (6 damage)
             ... on level 1 of the Dungeon.
             The game lasted 00:01:30 (236 turns).

Esekla the Charlatan (Spriggan Artificer)            Turns: 236, Time: 00:01:30

Health: -2/9       AC:  2    Str:  8    XL:     1   Next: 75%
Magic:  4/4        EV: 18    Int: 12    God:
Gold:   19         SH:  0    Dex: 16    Spells: 1/1 levels left

rFire    . . .     SeeInvis +   a - +0 short sword
rCold    . . .     Gourm    .   (shield restricted)
rNeg     . . .     Faith    .   b - +0 robe
rPois    .         Spirit   .   (helmet restricted)
rElec    .         Reflect  .   (no cloak)
rCorr    .         Harm     .   (gloves unavailable)
MR       .....                  (boots unavailable)
Stlth    ++........             (no amulet)
HPRegen  0.03/turn              (no ring)
MPRegen  0.09/turn              (no ring)

@: very quick
A: very small, unfitting armour, see invisible, herbivore, speed 3, slow
metabolism 2
a: no special abilities


You were on level 1 of the Dungeon.
You were not hungry.

You visited 1 branch of the dungeon, and saw 2 of its levels.

You collected 19 gold pieces.

Inventory:

Hand Weapons
 a - a +0 short sword (weapon)
Armour
 b - a +0 robe (worn)
Wands
 c - a wand of flame (15)
 d - a wand of enslavement (15)
 e - a wand of random effects (15)
Potions
 g - a potion of invisibility {unknown}
 h - 2 potions of flight {unknown}
Comestibles
 f - a ration


   Skills:
 - Level 0.7 Fighting
 * Level 1.5 Short Blades
 * Level 3.3 Dodging
 + Level 1.5 Stealth
 * Level 0.5 Spellcasting
 - Level 4.0 Evocations


You had one spell level left.
You didn't know any spells.
Your spell library was empty.

Dungeon Overview and Level Annotations

Branches:
Dungeon (2/15)

Altars:


Innate Abilities, Weirdness & Mutations

You are very small and have problems with some larger weapons.
You are too small for most types of armour.
You have supernaturally acute eyesight. (SInv)
You are a herbivore.
You cover ground extremely quickly.
You need to consume almost no food.


Message History

h - 2 dark potions
Found a robe.
A kobold comes into view. It is wielding a +0 short sword.
The kobold shouts!
Found a chain mail.
A giant cockroach comes into view.
You hit the kobold but do no damage.
A bat comes into view.
The kobold closely misses you.
You completely miss the kobold. The kobold hits you but does no damage.
You closely miss the kobold.
The kobold hits you with a +0 short sword.
Ouch! That really hurt!
You closely miss the kobold. The kobold hits you but does no damage.
You barely miss the kobold. The kobold hits you but does no damage.
You hit the kobold.
The kobold is heavily wounded.
The kobold hits you with a +0 short sword.
Ouch! That really hurt!
You die...

##########..#......
..#.........#
#.#.........#
#.#.........#
#.#.........#
######.#.........^..
#....................
#....................
#.....@...###..#.....
######K#### #..#.##..
..sb ### # #......
#..[.... #....[...
#........# #........#


You could see a giant cockroach, a bat and a kobold.

Vanquished Creatures
  A dart slug (D:1)
  A bat (D:2)
  A giant cockroach (D:1)
  A frilled lizard (D:2)
4 creatures vanquished.

Notes
Turn   | Place    | Note
-------+----------+-------------------------------------------
     0 | D:1      | Esekla the Spriggan Artificer began the quest for the Orb.
     0 | D:1      | Reached XP level 1. HP: 9/9 MP: 4/4
   236 | D:1      | Slain by a kobold

Levels and vault maps discovered:
D:1:      dpeg_arrival_radiant, layout_basic
D:2:      layout_loops_ring, nicolae_overflow_crystal_walls, old_standard_altar,
          makhleb_blood_cavern_becter

Action                   || total
-------------------------++-------
Melee: Short sword       ||    21
Armor: Robe              ||     1
Dodge: Dodged            ||    14

Table legend:
 A = Non-vault XP
 B = Vault XP
 C = Vault XP percentage of total XP
 D = Non-vault monster count
 E = Vault monster count
 F = Vault count percentage of total count
                 A         B        C        D         E       F
            +---------+---------+-------+---------+---------+-------
      Total |       9 |       0 |   0.0 |       4 |       0 |   0.0
            +---------+---------+-------+---------+---------+-------
        D:1 |       6 |       0 |   0.0 |       2 |       0 |   0.0
        D:2 |       3 |       0 |   0.0 |       2 |       0 |   0.0
            +---------+---------+-------+---------+---------+-------
